[Event "GER-ch Youth-U12 2022"]
[Site "Willingen"]
[Date "2022.06.05"]
[Round "2.16"]
[White "Aweh, Mads"]
[Black "Goldkuhle, Collin"]
[Result "1-0"]
[ECO "B30"]
[WhiteElo "1438"]
[BlackElo "1323"]
[Annotator "NA RC COMBH"]
[PlyCount "77"]
[EventDate "2022.06.05"]
[EventType "swiss"]
[EventRounds "9"]
[EventCountry "GER"]
[SourceTitle "playchess.com"]
[Source "ChessBase"]
[SourceQuality "1"]
[TimeControl "40/4500+30:900+30"]

1. e4 c5 2. Nf3 Nc6 3. Bb5 Nd4 4. Nxd4 cxd4 5. O-O g6 6. d3 Bg7 7. Nd2 Nf6 8. Nf3 a6 9. Bc4 d5 10. exd5 Nxd5 11. Re1 Nb6 12. Bf4 Nxc4 13. dxc4 O-O 14. Be5 Bxe5 15. Rxe5 Be6 16. b3 Qc7 17. Re4 Rfd8 18. Rxd4 Rxd4 19. Qxd4 Rd8 20. Qe3 Bg4 21. h3 Bxf3 22. gxf3 Rd6 23. Kg2 Re6 24. Qc3 Qd6 25. a4 Qf4 26. Rd1 f6 27. Rd4 Qf5 28. Qd3 Qh5 29. Rd8+ Kg7 30. Qd5 Re5 31. Qg8+ Kh6 32. Qf8+ Kg5 33. Rd4 Ra5 34. Qxe7 Kh6 35. Qf8+ Kg5 36. Rg4+ Kf5 37. Qc8+ Ke5 38. Re4+ Kd6 39. Re6# 1-0

[Event "GER-ch Youth-U12 2022"]
[Site "Willingen"]
[Date "2022.06.05"]
[Round "2.17"]
[White "Schuricht, Emil Frederick"]
[Black "Dell, Philip"]
[Result "1-0"]
[ECO "D36"]
[WhiteElo "1641"]
[BlackElo "1457"]
[Annotator "NA RC COMBH"]
[PlyCount "55"]
[EventDate "2022.06.05"]
[EventType "swiss"]
[EventRounds "9"]
[EventCountry "GER"]
[SourceTitle "playchess.com"]
[Source "ChessBase"]
[SourceQuality "1"]
[TimeControl "40/4500+30:900+30"]

1. d4 d5 2. c4 e6 3. Nc3 Nf6 4. cxd5 exd5 5. Bg5 Be7 6. e3 O-O 7. Bd3 h6 8. Bh4 Re8 9. Nge2 c6 10. Qc2 Nbd7 11. O-O Nh5 12. Bxe7 Qxe7 13. Rab1 Nb6 14. Rfc1 Nf6 15. Ng3 Bg4 16. h3 Bh5 17. b4 a6 18. a4 Nc8 19. b5 Nd6 20. bxc6 bxc6 21. Nxh5 Nxh5 22. Qe2 Nf6 23. Bxa6 Nfe4 24. Nxe4 Qxe4 25. Rb6 Rab8 26. Rbxc6 Rb1 27. Qd3 Nc4 28. Qxb1 1-0

[Event "GER-ch Youth-U12 2022"]
[Site "Willingen"]
[Date "2022.06.05"]
[Round "2.18"]
[White "Wang, Arthur D"]
[Black "Polzin, Gustav"]
[Result "0-1"]
[ECO "A03"]
[WhiteElo "2090"]
[BlackElo "1643"]
[Annotator "TA"]
[PlyCount "106"]
[EventDate "2022.06.05"]
[EventType "swiss"]
[EventRounds "9"]
[EventCountry "GER"]
[SourceTitle "playchess.com"]
[Source "ChessBase"]
[SourceQuality "1"]
[TimeControl "40/4500+30:900+30"]

1. f4 d5 2. Nf3 Nf6 3. e3 g6 4. b3 Bg7 5. Bb2 c5 6. h3 {[%emt 0:00:00] A03: Bird's Opening with 1...d5.} Nc6 7. Bb5 {[%emt 0:00:00] [#]} Qb6 $146 ({Predecessor:} 7... O-O 8. Bxc6 bxc6 9. O-O Qb6 10. Qe1 Ba6 11. d3 Rad8 12. Nbd2 Rfe8 13. Ne5 Nh5 {1-0 (66) London,S-Bleicher,H (1767) Cammeray 2011}) 8. Bxc6+ {[%emt 0:00:00] The position is equal.} bxc6 (8... Qxc6 $11 9. O-O b5) 9. O-O Ba6 10. d3 O-O 11. Ne5 c4 12. Qe2 Rfd8 (12... Nh5 {deserves consideration.} 13. Kh2 cxd3 14. cxd3 Bxe5 15. fxe5 f5) 13. Nc3 $11 Nh5 14. Na4 Qc7 15. Kh2 {[%emt 0:00:00] Against Ng3} (15. Rfd1 $14) 15... Rab8 (15... c5) (15... c5 $11) 16. Nc5 $16 (16. dxc4 c5 $14) 16... Bc8 17. Rad1 (17. dxc4 $16 Qd6 18. Ncd3) 17... Rb5 18. d4 Nf6 19. Rc1 h5 20. Bc3 cxb3 21. cxb3 Nd7 ({Black should try} 21... Rxc5 22. dxc5 Ne4) 22. Nexd7 (22. Ncxd7 $6 Bxd7 23. Nxd7 Rxd7 $14) 22... Bxd7 23. a4 Rb6 (23... Rxc5 $16 {was worth a try.} 24. dxc5 Bxc3 25. Rxc3 Qa5) 24. Ba5 Bf5 25. Bxb6 axb6 26. Nd3 f6 (26... Qd6 {is a better defense.} 27. g4 hxg4) 27. Nb4 $18 Rd6 28. Rc3 {[%emt 0:00:00] Rfc1 is the strong threat.} e5 29. Rfc1 exf4 30. Kh1 (30. Rxc6 Rxc6 31. Rxc6 f3+ 32. Rxc7 fxe2) ({White should play} 30. exf4 $18 {And now Qf3 would win.} Bf8 31. Qf3 (31. Nxc6 Re6 $16)) 30... Be4 {[%emt 0:00:00] Prevents Qf3.} (30... fxe3 $16 31. Qxe3 Re6) 31. Nd3 $2 ({Don't play} 31. Nxc6 fxe3 32. Qxe3 Qf7) ({Don't do} 31. Rxc6 $6 Rxc6 32. Rxc6 Qe7 $16) (31. exf4 $18 Re6 32. Qf2 (32. Nxc6 Qxf4 33. Rf1 Qc7 $16) (32. Rxc6 Rxc6 33. Rxc6 Qxf4 $14)) 31... fxe3 $14 32. Qxe3 Re6 33. Qf2 Bh6 {[%emt 0:00:00][%cal Bg7h6,Bh6e3,Be3d4,Bd4c3,Bc3e5,Be5f4,Bf4g3,Bg3e1][%mdl 32] [#] Against Nf4. Threatens to win with ...Bxd3.} 34. Rf1 $2 {[%emt 0:00:00][%mdl 8192] Now White is beyond hope.} (34. Re1 $14 {is the one way to stay ahead.}) 34... Be3 $1 $19 35. Qe1 (35. Qe2 Bxd4 36. Rcc1) 35... Bxd4 {[%emt 0:00:00][%cal Oe4g2] Hoping for ...Bxg2+!} 36. Qd2 Qg3 37. Nf4 Bxc3 {[%emt 0:00:00] This bishop pair is nice.} 38. Qe2 {[%emt 0:00:00] [#]} Be5 $1 {[%emt 0:00:00] Black mates.} 39. Qf2 (39. Kg1 Bxf4) 39... Bxf4 40. Qxg3 Bxg3 41. b4 Bd3 42. Rd1 Re1+ 43. Rxe1 Bxe1 44. a5 d4 45. axb6 Ba6 46. g4 d3 47. gxh5 d2 48. h6 d1=Q 49. h7+ Kh8 50. Kg2 Qe2+ 51. Kh1 Qf3+ 52. Kh2 Bf1 53. h4 Qg2# {[%emt 0:00:00] Weighted Error Value: White=0.59/Black=0.24 (precise)} 0-1

[Event "GER-ch Youth-U12 2022"]
[Site "Willingen"]
[Date "2022.06.05"]
[Round "2.19"]
[White "Burkart, Lloyd Shang"]
[Black "Mukazhanov, Mansur"]
[Result "1-0"]
[ECO "A10"]
[WhiteElo "1559"]
[BlackElo "1279"]
[Annotator "NA RC COMBH"]
[PlyCount "71"]
[EventDate "2022.06.05"]
[EventType "swiss"]
[EventRounds "9"]
[EventCountry "GER"]
[SourceTitle "playchess.com"]
[Source "ChessBase"]
[SourceQuality "1"]
[TimeControl "40/4500+30:900+30"]

1. d4 Nf6 2. c4 e6 3. g3 Nc6 4. Nf3 b6 5. Bg2 Bb7 6. Nc3 Be7 7. O-O O-O 8. Qd3 Nb4 9. Qb1 Ne8 10. a3 Nc6 11. e4 f6 12. b4 Rb8 13. Qd3 a5 14. b5 Na7 15. Be3 c6 16. a4 cxb5 17. axb5 d5 18. exd5 exd5 19. c5 bxc5 20. dxc5 Ra8 21. Nd4 Bxc5 22. Ne6 Qd6 23. Nxc5 Rb8 24. Bf4 Qxc5 25. Bxb8 Kh8 26. Na4 Qxb5 27. Qb1 Bc6 28. Bxa7 Nc7 29. Qxb5 Nxb5 30. Bb6 Ba8 31. Bxa5 d4 32. Rfd1 h6 33. Bb6 Bxg2 34. Kxg2 Nc3 35. Nxc3 dxc3 36. Rac1 1-0

[Event "GER-ch Youth-U12 2022"]
[Site "Willingen"]
[Date "2022.06.05"]
[Round "2.20"]
[White "Wylie, Leonard"]
[Black "Xu, Wanghan"]
[Result "1-0"]
[ECO "C21"]
[WhiteElo "1733"]
[BlackElo "1419"]
[Annotator "NA RC COMBH"]
[PlyCount "125"]
[EventDate "2022.06.05"]
[EventType "swiss"]
[EventRounds "9"]
[EventCountry "GER"]
[SourceTitle "playchess.com"]
[Source "ChessBase"]
[SourceQuality "1"]
[TimeControl "40/4500+30:900+30"]

1. e4 e5 2. d4 exd4 3. Bc4 Bc5 4. c3 dxc3 5. Bxf7+ Kxf7 6. Qd5+ Ke8 7. Qh5+ Kf8 8. Qxc5+ d6 9. Qxc3 Nf6 10. Bg5 Bd7 11. Nf3 Nc6 12. Nbd2 Kf7 13. Qb3+ Be6 14. Qxb7 Qd7 15. O-O Rhb8 16. Qa6 Rb6 17. Qa3 Kg8 18. Qc3 Rf8 19. Be3 Rbb8 20. Ng5 h6 21. Nxe6 Qxe6 22. Qxc6 Qe7 23. b3 Ng4 24. Bxa7 Ra8 25. Bd4 Ra5 26. h3 Qg5 27. hxg4 Qxg4 28. Qc4+ Kh7 29. Qc3 Rg5 30. Qg3 Qh5 31. Qh2 Qg6 32. Rae1 Rh5 33. Qg3 Rg5 34. Qh3 Rh5 35. Qd3 Rf4 36. Qg3 Rg4 37. Qf3 Rgh4 38. g3 Rg4 39. e5 Rh3 40. Kg2 Rh5 41. e6 Rf5 42. Qxf5 Qxf5 43. e7 Rxd4 44. e8=Q Rxd2 45. Qe4 Qxe4+ 46. Rxe4 Rxa2 47. Re7 Rb2 48. Rxc7 Rxb3 49. Rd1 Rb6 50. Rd7 Rb2 51. R1xd6 Rb5 52. Re6 Rg5 53. Ree7 h5 54. f4 Rg4 55. Kh3 Kh6 56. Re6+ Kh7 57. Rd5 g6 58. Rd7+ Kh6 59. Re8 Rxf4 60. gxf4 g5 61. f5 g4+ 62. Kh4 g3 63. Rh8# 1-0

[Event "GER-ch Youth-U12 2022"]
[Site "Willingen"]
[Date "2022.06.05"]
[Round "2.21"]
[White "Pimenov, Danil"]
[Black "Fettig, Michel"]
[Result "1-0"]
[ECO "C01"]
[WhiteElo "1337"]
[BlackElo "1407"]
[Annotator "NA RC COMBH"]
[PlyCount "69"]
[EventDate "2022.06.05"]
[EventType "swiss"]
[EventRounds "9"]
[EventCountry "GER"]
[SourceTitle "playchess.com"]
[Source "ChessBase"]
[SourceQuality "1"]
[TimeControl "40/4500+30:900+30"]

1. e4 e6 2. d4 d5 3. exd5 exd5 4. Nf3 Nc6 5. c4 Nf6 6. Nc3 Bg4 7. Be2 Bb4 8. O-O O-O 9. Bg5 dxc4 10. d5 Bxc3 11. dxc6 Bxb2 12. cxb7 Rb8 13. Rb1 c3 14. Qc2 Rxb7 15. Rfd1 Qc8 16. Bxf6 gxf6 17. Bd3 Kg7 18. Re1 Rg8 19. Nd4 c5 20. Nf5+ Bxf5 21. Bxf5 Qc7 22. Re3 Rbb8 23. Rd1 Rbd8 24. Rde1 Rd2 25. Qe4 Qe5 26. Rg3+ Kf8 27. Qa8+ Ke7 28. Qb7+ Kf8 29. Qc8+ Ke7 30. Rxe5+ fxe5 31. Qc7+ Kf6 32. Qc6+ Ke7 33. Rd3 Rd8 34. Qc7+ Ke8 35. Qxd8# 1-0

[Event "GER-ch Youth-U12 2022"]
[Site "Willingen"]
[Date "2022.06.05"]
[Round "2.22"]
[White "Hellenbroich, Hanno"]
[Black "Gulamzada, Elmir"]
[Result "1-0"]
[ECO "C01"]
[WhiteElo "1274"]
[BlackElo "1539"]
[Annotator "NA RC COMBH"]
[PlyCount "49"]
[EventDate "2022.06.05"]
[EventType "swiss"]
[EventRounds "9"]
[EventCountry "GER"]
[SourceTitle "playchess.com"]
[Source "ChessBase"]
[SourceQuality "1"]
[TimeControl "40/4500+30:900+30"]

1. e4 e6 2. d4 d5 3. Bd3 Nf6 4. e5 Nfd7 5. Ne2 c5 6. c3 Nc6 7. a3 Qb6 8. Bc2 cxd4 9. cxd4 Be7 10. f4 f6 11. Nbc3 fxe5 12. fxe5 O-O 13. Na4 Qc7 14. Nf4 Nb6 15. Qd3 g6 16. Nxg6 Rf7 17. Nxb6 Qxb6 18. Nxe7+ Rxe7 19. Bg5 Rg7 20. Bh6 Rg6 21. Rf1 Rxh6 22. Qg3+ Rg6 23. Bxg6 Bd7 24. Be8+ Kh8 25. Rf8# 1-0

[Event "GER-ch Youth-U12 2022"]
[Site "Willingen"]
[Date "2022.06.05"]
[Round "2.23"]
[White "Nguyen, Bach Khoi"]
[Black "Draude, Theo"]
[Result "1-0"]
[ECO "C50"]
[WhiteElo "1261"]
[BlackElo "1397"]
[Annotator "NA RC COMBH"]
[PlyCount "120"]
[EventDate "2022.06.05"]
[EventType "swiss"]
[EventRounds "9"]
[EventCountry "GER"]
[SourceTitle "playchess.com"]
[Source "ChessBase"]
[SourceQuality "1"]
[TimeControl "40/4500+30:900+30"]

1. e4 e5 2. Nf3 Nc6 3. Bc4 Nf6 4. d3 h6 5. Nc3 Bc5 6. Be3 Bb6 7. Qd2 d6 8. O-O-O Nd4 9. Bxd4 exd4 10. Ne2 Bg4 11. h3 Bxf3 12. gxf3 Qd7 13. Rdg1 Rg8 14. Rg2 O-O-O 15. Rhg1 g5 16. f4 g4 17. hxg4 Rxg4 18. Rxg4 Nxg4 19. f5 Ne5 20. Qb4 c5 21. Qb3 Nxc4 22. Qxc4 d5 23. Qb3 dxe4 24. dxe4 Qc7 25. Rg7 c4 26. Qg3 Qe7 27. Qg4 Kb8 28. Rg8 Rxg8 29. Qxg8+ Kc7 30. Nf4 Kc6 31. f3 Qh4 32. Qe8+ Kc5 33. Qe5+ Kb4 34. Nd5+ Ka4 35. b3+ Ka3 36. Qe7+ Qxe7 37. Nxe7 h5 38. Ng6 c3 39. e5 Bd8 40. e6 fxe6 41. fxe6 h4 42. e7 Bxe7 43. Nxe7 h3 44. Nf5 h2 45. Ng3 Kxa2 46. f4 d3 47. f5 d2+ 48. Kd1 b5 49. f6 b4 50. f7 a5 51. f8=Q a4 52. bxa4 b3 53. Qg8 Ka1 54. cxb3 Kb1 55. Qc4 h1=Q+ 56. Nxh1 c2+ 57. Qxc2+ Ka1 58. Qxd2 Kb1 59. Nf2 Ka1 60. Nd3 Kb1 1-0

[Event "GER-ch Youth-U12 2022"]
[Site "Willingen"]
[Date "2022.06.05"]
[Round "2.24"]
[White "Prashanthakumar, Arju"]
[Black "Kullmann, Max"]
[Result "1-0"]
[ECO "A21"]
[WhiteElo "1265"]
[BlackElo "1442"]
[Annotator "NA RC COMBH"]
[PlyCount "49"]
[EventDate "2022.06.05"]
[EventType "swiss"]
[EventRounds "9"]
[EventCountry "GER"]
[SourceTitle "playchess.com"]
[Source "ChessBase"]
[SourceQuality "1"]
[TimeControl "40/4500+30:900+30"]

1. c4 e5 2. Nc3 f5 3. g3 Bc5 4. Bg2 Nf6 5. d3 c6 6. Nf3 Qc7 7. Bg5 Ng4 8. O-O O-O 9. h3 Nf6 10. Bxf6 Rxf6 11. e3 Rf8 12. d4 exd4 13. exd4 Bb4 14. Qb3 Bxc3 15. Qxc3 d6 16. Rfe1 Qf7 17. Re2 Re8 18. Rae1 Rxe2 19. Rxe2 Nd7 20. Ng5 Qh5 21. Qe3 h6 22. Qe6+ Kh8 23. Qe8+ Qxe8 24. Rxe8+ Nf8 25. Rxf8# 1-0

[Event "GER-ch Youth-U12 2022"]
[Site "Willingen"]
[Date "2022.06.05"]
[Round "2.25"]
[White "Büchel, David"]
[Black "Böhler, Yannic"]
[Result "1-0"]
[ECO "B33"]
[WhiteElo "1527"]
[BlackElo "1361"]
[Annotator "NA RC COMBH"]
[PlyCount "91"]
[EventDate "2022.06.05"]
[EventType "swiss"]
[EventRounds "9"]
[EventCountry "GER"]
[SourceTitle "playchess.com"]
[Source "ChessBase"]
[SourceQuality "1"]
[TimeControl "40/4500+30:900+30"]

1. e4 c5 2. Nf3 Nc6 3. d4 cxd4 4. Nxd4 Nf6 5. Nc3 e6 6. Ndb5 d6 7. Bf4 e5 8. Bg5 a6 9. Na3 b5 10. Bxf6 gxf6 11. Nd5 Be7 12. c3 O-O 13. Be2 Kh8 14. Bg4 Bxg4 15. Qxg4 Rg8 16. Qf3 Rg6 17. O-O Bf8 18. Nc2 Bh6 19. Nce3 Rb8 20. b4 Bg5 21. Nf5 Qd7 22. Rad1 Rbg8 23. g3 Bh6 24. Nde3 Bf8 25. Rd3 Na7 26. Rfd1 Nc8 27. c4 Qc7 28. cxb5 axb5 29. Nd5 Qa7 30. Rc1 Qb7 31. Rc7 Qb8 32. Rxf7 Nb6 33. Qh5 h6 34. Nde7 Rg5 35. Qh3 h5 36. Nxg8 Kxg8 37. Rxf6 Nc4 38. Nh6+ Kg7 39. Qd7+ Kh8 40. Nf7+ Kg7 41. Nd8+ Kh8 42. Rxf8+ Rg8 43. Nf7+ Kg7 44. Nxe5+ Kh6 45. Rf6+ Kg5 46. Qf5# 1-0

[Event "GER-ch Youth-U12 2022"]
[Site "Willingen"]
[Date "2022.06.05"]
[Round "2.26"]
[White "Pham, Jacky"]
[Black "Mohammadzadeh, Daris"]
[Result "0-1"]
[ECO "B25"]
[WhiteElo "1189"]
[BlackElo "1371"]
[Annotator "NA RC COMBH"]
[PlyCount "134"]
[EventDate "2022.06.05"]
[EventType "swiss"]
[EventRounds "9"]
[EventCountry "GER"]
[SourceTitle "playchess.com"]
[Source "ChessBase"]
[SourceQuality "1"]
[TimeControl "40/4500+30:900+30"]

1. e4 c5 2. Nc3 Nc6 3. g3 Nf6 4. Bg2 d6 5. h3 g6 6. Nge2 Bg7 7. d3 Bd7 8. O-O O-O 9. Be3 a6 10. Qd2 Qc8 11. Kh2 Rb8 12. a4 b5 13. axb5 axb5 14. Bg5 Re8 15. Nd5 Nxd5 16. exd5 Nd4 17. Nxd4 Bxd4 18. c3 Bg7 19. Rfe1 e6 20. dxe6 Bxe6 21. Bf4 Rd8 22. Ra7 b4 23. Bh6 bxc3 24. bxc3 Rd7 25. Rea1 Rxa7 26. Rxa7 Bxh6 27. Qxh6 Rb2 28. Qc1 Rxf2 29. Kg1 Ra2 30. Rxa2 Bxa2 31. c4 Bb3 32. Qa3 Bd1 33. Qc1 Ba4 34. Qf4 Qd7 35. Qe4 Kg7 36. d4 cxd4 37. Qxd4+ Kg8 38. Kh2 Bc6 39. Qg4 Qxg4 40. hxg4 Bxg2 41. Kxg2 Kg7 42. Kf3 Kf6 43. Kf4 h6 44. Ke4 Ke6 45. Kf4 f5 46. g5 h5 47. Ke3 Ke5 48. Kd3 f4 49. gxf4+ Kxf4 50. Kd4 h4 51. Kd5 h3 52. Kxd6 h2 53. c5 h1=Q 54. c6 Kxg5 55. c7 Qc1 56. Ke6 Qxc7 57. Kd5 Qe7 58. Kc6 Qd8 59. Kc5 Qd3 60. Kb4 Qc2 61. Ka3 Qb1 62. Ka4 Qb6 63. Ka3 Kf4 64. Ka2 Ke3 65. Ka1 Kd3 66. Ka2 Kc3 67. Ka1 Qb2# 0-1

[Event "GER-ch Youth-U12 2022"]
[Site "Willingen"]
[Date "2022.06.05"]
[Round "2.27"]
[White "Bangert, Jonas"]
[Black "Gavrylyuk, Oleksandr"]
[Result "1-0"]
[ECO "D37"]
[WhiteElo "1483"]
[BlackElo "1272"]
[Annotator "NA RC COMBH"]
[PlyCount "123"]
[EventDate "2022.06.05"]
[EventType "swiss"]
[EventRounds "9"]
[EventCountry "GER"]
[SourceTitle "playchess.com"]
[Source "ChessBase"]
[SourceQuality "1"]
[TimeControl "40/4500+30:900+30"]

1. d4 d5 2. c4 c6 3. Nc3 Nf6 4. Nf3 e6 5. Bf4 Be7 6. e3 Nbd7 7. h3 a6 8. a4 O-O 9. Bd3 b6 10. Qc2 c5 11. cxd5 exd5 12. O-O Bb7 13. Rfb1 Rc8 14. Qe2 c4 15. Bc2 Re8 16. Rc1 Nf8 17. b3 Bd6 18. Bxd6 Qxd6 19. bxc4 dxc4 20. Ne5 Ne6 21. Qd2 Rcd8 22. f4 Rc8 23. Rd1 Red8 24. Rab1 Nd7 25. Be4 Bxe4 26. Nxe4 Qc7 27. Nf3 c3 28. Qc2 f5 29. Ng3 g6 30. Rd3 Nf6 31. Rc1 Nd5 32. Ne2 b5 33. axb5 axb5 34. Qb3 b4 35. Ne1 Ra8 36. Nc2 Qb7 37. Nxc3 Nxc3 38. Rxc3 Ra6 39. Qxb4 Rb6 40. Qc4 Rdd6 41. Qc8+ Qxc8 42. Rxc8+ Kf7 43. Na3 Rb3 44. R8c3 Rb8 45. Nc4 Rdd8 46. Ne5+ Kg7 47. Rc6 Nf8 48. Rc7+ Kg8 49. Kf2 Rb2+ 50. R1c2 Rxc2+ 51. Rxc2 Nd7 52. Nxd7 Rxd7 53. Kf3 Kf7 54. Rd2 Ke6 55. Rc2 Kf7 56. g4 Ke6 57. Rc5 Kf6 58. Re5 Rd6 59. d5 fxg4+ 60. hxg4 h6 61. g5+ hxg5 62. Rxg5 1-0

[Event "GER-ch Youth-U12 2022"]
[Site "Willingen"]
[Date "2022.06.06"]
[Round "3.1"]
[White "Aniol, Nico"]
[Black "Gloeckler, Christian"]
[Result "1/2-1/2"]
[ECO "B26"]
[WhiteElo "1494"]
[BlackElo "1869"]
[Annotator "NA RC COMBH"]
[PlyCount "101"]
[EventDate "2022.06.05"]
[EventType "swiss"]
[EventRounds "9"]
[EventCountry "GER"]
[SourceTitle "playchess.com"]
[Source "ChessBase"]
[SourceQuality "1"]
[TimeControl "40/4500+30:900+30"]

1. e4 c5 2. Nc3 Nc6 3. Nge2 g6 4. g3 Bg7 5. Bg2 d6 6. d3 e6 7. O-O Nge7 8. Be3 Nd4 9. f4 O-O 10. Qd2 Rb8 11. Nd1 Nxe2+ 12. Qxe2 Qc7 13. Rb1 d5 14. c3 b6 15. b4 cxb4 16. cxb4 Bb7 17. Nf2 Rbc8 18. Rfc1 $11 Qd7 19. Qd1 Rfd8 20. Rxc8 Rxc8 21. Rc1 h5 22. Rxc8+ Qxc8 23. Qc1 Qxc1+ 24. Bxc1 Bd4 25. Kf1 Ba6 26. a4 b5 27. axb5 Bxb5 28. Bd2 dxe4 29. Bxe4 f5 30. Bf3 Nc6 31. Be2 e5 32. fxe5 Nxe5 33. Kg2 Bc6+ 34. Kf1 Kf7 35. Nh3 Bb5 36. Kg2 Nxd3 37. Ng5+ Ke7 38. Nf3 Bb6 39. Ne5 Nxe5 40. Bxb5 Ng4 41. h3 Ne3+ 42. Bxe3 Bxe3 43. Bd3 Kf6 44. h4 Bd2 45. b5 Be1 46. Kf3 Ke5 47. Bc2 Kf6 48. Bd3 Bd2 49. Ke2 Ba5 50. Kf3 Bc7 51. Bc2 1/2-1/2

[Event "GER-ch Youth-U12 2022"]
[Site "Willingen"]
[Date "2022.06.06"]
[Round "3.2"]
[White "Sydykov Bayastan"]
[Black "Malinowsky, Levi"]
[Result "1/2-1/2"]
[ECO "B42"]
[WhiteElo "1477"]
[BlackElo "1816"]
[Annotator "NA RC COMBH"]
[PlyCount "62"]
[EventDate "2022.06.05"]
[EventType "swiss"]
[EventRounds "9"]
[EventCountry "GER"]
[SourceTitle "playchess.com"]
[Source "ChessBase"]
[SourceQuality "1"]
[TimeControl "40/4500+30:900+30"]

1. e4 c5 2. Nf3 d6 3. d4 cxd4 4. Nxd4 Nf6 5. Bd3 e6 6. O-O Be7 7. Qe2 O-O 8. c4 a6 9. Nc3 Qc7 10. f4 Nbd7 11. Kh1 Re8 12. Bd2 Bf8 13. f5 Ne5 14. Rad1 Nfd7 15. b3 Nc6 16. fxe6 fxe6 17. Nf3 Be7 18. Bf4 Rf8 19. Bg3 Qa5 20. Qd2 Bf6 21. Ne2 Qxd2 22. Rxd2 Nde5 23. Bb1 Be7 24. Ned4 Nxd4 25. Rxd4 Nc6 26. Rdd1 e5 27. h3 Be6 28. Rc1 Rad8 29. Bf2 Rd7 30. Be3 h6 31. Kh2 g5 1/2-1/2

[Event "GER-ch Youth-U12 2022"]
[Site "Willingen"]
[Date "2022.06.06"]
[Round "3.4"]
[White "Stichter, Constantin Paul"]
[Black "Kulkovets, Roman"]
[Result "1/2-1/2"]
[ECO "B13"]
[WhiteElo "1472"]
[BlackElo "1099"]
[Annotator "NA RC COMBH"]
[PlyCount "92"]
[EventDate "2022.06.05"]
[EventType "swiss"]
[EventRounds "9"]
[EventCountry "GER"]
[SourceTitle "playchess.com"]
[Source "ChessBase"]
[SourceQuality "1"]
[TimeControl "40/4500+30:900+30"]

1. e4 c6 2. d4 d5 3. exd5 cxd5 4. c3 Bf5 5. Bd3 Bxd3 6. Qxd3 Nf6 7. Bf4 Nc6 8. Nf3 e6 9. Nbd2 Be7 10. O-O a6 11. a4 O-O 12. Rfe1 Rc8 13. Ne5 Nxe5 14. Bxe5 Nd7 15. Re3 Bf6 16. f4 Qb6 17. Rh3 g6 18. Qe3 Rfe8 19. a5 Qxb2 20. Rb1 Qa2 21. Rxb7 Nxe5 22. fxe5 Bg7 23. Rf3 Rf8 24. Qf2 Qxa5 25. Rfxf7 Kh8 26. Nb1 Rb8 27. h3 Qd8 28. Rxf8+ Bxf8 29. Qf7 Rxb7 30. Qxb7 a5 31. Qc6 Qg5 32. Qxe6 h5 33. Qf7 Bh6 34. Qe8+ Kh7 35. Qd7+ Kg8 36. Qe8+ Kh7 37. Qf7+ Kh8 38. e6 Qc1+ 39. Kh2 Bf4+ 40. g3 Qc2+ 41. Kh1 Qd1+ 42. Kh2 Qe2+ 43. Kh1 Qe1+ 44. Kh2 Qxg3+ 45. Kh1 Qf3+ 46. Kg1 Be3+ 1/2-1/2

[Event "GER-ch Youth-U12 2022"]
[Site "Willingen"]
[Date "2022.06.06"]
[Round "3.5"]
[White "Martin Fernandez, Rafael"]
[Black "Wartenberg, Alexander"]
[Result "1-0"]
[ECO "C24"]
[WhiteElo "1678"]
[BlackElo "1682"]
[Annotator "NA RC COMBH"]
[PlyCount "71"]
[EventDate "2022.06.05"]
[EventType "swiss"]
[EventRounds "9"]
[EventCountry "GER"]
[SourceTitle "playchess.com"]
[Source "ChessBase"]
[SourceQuality "1"]
[TimeControl "40/4500+30:900+30"]

1. e4 e5 2. Bc4 Nf6 3. d3 Nc6 4. Nf3 d5 5. exd5 Nxd5 6. O-O Bg4 7. h3 Bh5 8. Nc3 Nxc3 9. bxc3 Bc5 10. Re1 Bd6 11. Nxe5 Nxe5 12. Qxh5 O-O 13. Rxe5 Bxe5 14. Qxe5 Re8 15. Qg3 Re1+ 16. Kh2 Qf6 17. Bb2 Rxa1 18. Bxa1 c6 19. d4 b5 20. Bd3 Qe6 21. Qh4 g6 22. c4 bxc4 23. Be4 f5 24. Bf3 Qd6+ 25. Qg3 f4 26. Qg5 Rb8 27. d5 Re8 28. dxc6 Re1 29. Bd5+ Kf8 30. Qf6+ Qxf6 31. Bxf6 Re8 32. c7 Rc8 33. Bd8 Ke8 34. Bc6+ Kf7 35. Bd7 Rxc7 36. Bxc7 1-0

[Event "GER-ch Youth-U12 2022"]
[Site "Willingen"]
[Date "2022.06.06"]
[Round "3.7"]
[White "Limmer, Marco"]
[Black "Nechitailo, Nikita"]
[Result "0-1"]
[ECO "B39"]
[WhiteElo "1825"]
[BlackElo "1371"]
[Annotator "NA RC COMBH"]
[PlyCount "88"]
[EventDate "2022.06.05"]
[EventType "swiss"]
[EventRounds "9"]
[EventCountry "GER"]
[SourceTitle "playchess.com"]
[Source "ChessBase"]
[SourceQuality "1"]
[TimeControl "40/4500+30:900+30"]

1. e4 c5 2. Nf3 Nc6 3. d4 cxd4 4. Nxd4 g6 5. c4 Bg7 6. Be3 Nf6 7. Nc3 $14 Ng4 8. Qxg4 Nxd4 9. Qd1 e5 10. Be2 d6 11. Qd2 Be6 12. Bxd4 exd4 13. Nb5 Rc8 14. Nxd4 Bxc4 15. Nb5 O-O 16. Nxd6 Bxe2 17. Nxc8 Qxd2+ 18. Kxd2 Ba6 19. Ne7+ Kh8 20. Nd5 Re8 21. Nc3 f5 22. exf5 Rd8+ 23. Kc2 Bd3+ 24. Kb3 Rd6 25. Na4 b5 26. Nc3 a5 27. a4 Bc4+ 28. Kc2 b4 29. Nd1 b3+ 30. Kc1 Be2 31. f4 Bd4 32. Kd2 Ba6 33. Kc1 Be2 34. Kd2 Bg4 35. Ne3 Bxb2+ 36. Ke1 Bxa1 37. Nxg4 gxf5 38. Ke2 Bc3 39. Ne3 Rd2+ 40. Kf3 b2 41. Rb1 h5 42. h3 Kh7 43. g4 fxg4+ 44. hxg4 h4 0-1

[Event "GER-ch Youth-U12 2022"]
[Site "Willingen"]
[Date "2022.06.06"]
[Round "3.8"]
[White "Zhuikov, Edgard"]
[Black "Aweh, Mads"]
[Result "1-0"]
[ECO "B22"]
[WhiteElo "1892"]
[BlackElo "1438"]
[Annotator "NA RC COMBH"]
[PlyCount "93"]
[EventDate "2022.06.05"]
[EventType "swiss"]
[EventRounds "9"]
[EventCountry "GER"]
[SourceTitle "playchess.com"]
[Source "ChessBase"]
[SourceQuality "1"]
[TimeControl "40/4500+30:900+30"]

1. e4 c5 2. d4 cxd4 3. c3 Nf6 4. e5 Nd5 5. Nf3 Nc6 6. cxd4 d6 7. Bc4 Nb6 8. Bb3 dxe5 9. d5 Na5 10. Nc3 Nxb3 11. Qxb3 g6 12. Nxe5 Bg7 13. Qb5+ Bd7 14. Nxd7 Qxd7 15. O-O (15. Qb3 $142) 15... Qxb5 16. Nxb5 O-O (16... Nxd5 $17 17. Rd1 e6 18. Nd6+ Ke7 19. Nxb7 Rab8) 17. d6 e6 $11 (17... exd6 {is superior.} 18. Nxd6 Na4) 18. Rd1 Nd5 19. Nc7 Nxc7 20. dxc7 Rac8 21. Rd7 Be5 22. Be3 Rxc7 23. Rxc7 Bxc7 24. Bxa7 Be5 25. Be3 Rd8 26. g3 Bxb2 27. Rb1 Bd4 28. Bxd4 Rxd4 29. Rxb7 Rd1+ 30. Kg2 Ra1 31. Rb2 Kg7 32. h4 h5 33. Kf3 Kf6 34. Ke4 Re1+ 35. Kd4 e5+ 36. Kc5 Ra1 37. Kb5 Kf5 38. a4 Kg4 39. a5 Kf3 40. a6 e4 41. Kb6 e3 42. fxe3 Kxe3 43. Rb3+ Kd4 44. a7 Kc4 45. Rb2 Kc3 46. Rb5 Kc4 47. Ra5 1-0